 Seeded DCSS version 0.25.1-8-g42b30a86e7 (webtiles) character file.

Game seed: 5332466311276881602 (custom seed)

39606 streetpizza the Martial Artist (level 14, -16/101 HPs)
             Began as an Octopode Transmuter on Dec 12, 2020.
             Was the Champion of Cheibriados.
             Shot with an arrow by a centaur warrior (24 damage)
             ... on level 15 of the Dungeon.
             The game lasted 01:25:57 (17417 turns).

streetpizza the Martial Artist (OpTm)              Turns: 17417, Time: 01:25:58

Health: -16/101    AC:  1    Str: 24    XL:     14   Next: 7%
Magic:  18/23      EV: 26    Int: 41    God:    Cheibriados [******]
Gold:   813        SH:  5    Dex: 34    Spells: 15/25 levels left

rFire    . . .     SeeInvis .     - Unarmed
rCold    + . .     Gourm    .   (shield currently unavailable)
rNeg     + . .     Faith    .   B - +0 hat {MR+}
rPois    +         Spirit   .   P - amulet of reflection
rElec    .         Reflect  +   l - +6 ring of intelligence
rCorr    .         Harm     .   m - +4 ring of slaying
MR       ++...                  y - ring of protection from cold
Stlth    +++++.....             Z - ring of poison resistance
HPRegen  0.26/turn              I - ring of stealth
MPRegen  0.18/turn              L - ring of positive energy
                                M - +6 ring of dexterity
                                V - +4 ring of slaying

@: blade tentacles, very slow
A: almost no armour, stealthy swim, amphibious, 8 rings, constrict 8, camouflage
1, gelatinous body 1
a: End Transformation, Bend Time, Temporal Distortion, Slouch, Step From Time,
Renounce Religion


You were on level 15 of the Dungeon.
You worshipped Cheibriados.
Cheibriados was exalted by your worship.
You were hungry.
You had blades for tentacles.
You visited 2 branches of the dungeon, and saw 16 of its levels.
You also visited: Sewer.

You collected 813 gold pieces.

Inventory:

Missiles
 a - 210 arrows
 t - 84 poisoned darts (quivered)
Armour
 B - a +0 hat of magic resistance (worn)
 N - a +0 buckler (melded)
Magical Staves
 X - an uncursed staff of wizardry (melded)
Jewellery
 l - a +6 ring of intelligence (left scythe-like blade)
 m - a +4 ring of slaying (right scythe-like blade)
 n - a +4 ring of evasion {unknown}
 y - a ring of protection from cold (on tentacle)
 H - an uncursed ring of wizardry
 I - a ring of stealth (on tentacle)
 L - a ring of positive energy (on tentacle)
 M - a +6 ring of dexterity (on tentacle)
 P - an amulet of reflection (around mantle)
 R - an uncursed amulet of faith {unknown}
 S - a cursed amulet of inaccuracy {unknown}
 V - a +4 ring of slaying (on tentacle)
 Z - a ring of poison resistance (on tentacle)
Wands
 q - a wand of digging (5)
 G - a wand of polymorph (8)
 T - a wand of acid (4)
 Y - a wand of iceblast (19)
Scrolls
 d - a scroll of immolation {unknown}
 e - a scroll of identify
 g - 2 scrolls of fear {unknown}
 i - 3 scrolls of noise {unknown}
 s - 5 scrolls of fog {unknown}
 u - 7 scrolls of teleportation {unknown}
 v - 3 scrolls of remove curse {unknown}
 x - 5 scrolls of amnesia {unknown}
 D - a scroll of blinking {unknown}
 E - a scroll of magic mapping
 F - 2 scrolls of random uselessness {unknown}
 J - 2 scrolls of enchant armour {unknown}
Potions
 b - a potion of might
 f - 4 potions of lignification
 h - a potion of cancellation
 k - 6 potions of heal wounds
 p - 5 potions of flight
 r - 3 potions of stabbing
 w - 6 potions of curing
 z - 5 potions of brilliance
 C - 2 potions of magic
 K - 3 potions of mutation
 Q - 2 potions of resistance
Comestibles
 c - 21 rations


   Skills:
 + Level 11.4 Fighting
 + Level 10.4 Dodging
 - Level 4.0 Shields
 + Level 11.7 Unarmed Combat
 + Level 6.3 Spellcasting
 + Level 10.4 Transmutations
 - Level 8.0 Invocations


You had 15 spell levels left.
You knew the following spells:

 Your Spells              Type           Power        Failure   Level  Hunger
a - Beastly Appendage     Tmut           ######       4%          1    None
b - Blade Hands           Tmut           #######...   14%         5    ####...
c - Ice Form              Ice/Tmut       ######..     24%         4    None

Your spell library contained the following spells:

 Spells                   Type           Power        Failure   Level  Hunger
 Sticks to Snakes         Tmut           #######.     5%          2    None
 Spider Form              Tmut/Pois      ######....   14%         3    None
 Animate Skeleton         Necr           N/A          24%         1    None
 Apportation              Tloc           ##....       24%         1    None
 Corona                   Hex            ##.....      24%         1    None
 Summon Small Mammal      Summ           ##..         24%         1    None
 Ensorcelled Hibernation  Hex/Ice        ##....       28%         2    None
 Confusing Touch          Hex            ##......     41%         3    None
 Dazzling Flash           Conj/Hex       ##....       41%         3    None
 Tukima's Dance           Hex            ##......     41%         3    None


Dungeon Overview and Level Annotations

Branches:
Dungeon (15/15)            Temple (1/1) D:5            Lair (0/6) D:11
    Orc (0/2) D:11         Vaults (0/5) D:13         Depths (0/5) D:15
  Sewer (visited)

Altars:
Ashenzari
Cheibriados
Dithmenos
Elyvilon
Fedhas
Gozag
Hepliaklqana
Kikubaaqudgha
Makhleb
Nemelex Xobeh
Okawaru
Qazlal
Ru
Sif Muna
Trog
Uskayaw
Vehumet
Wu Jian
Xom
Yredelemnul
Zin
The Shining One

Shops:
D:4 =[


Innate Abilities, Weirdness & Mutations

You cannot wear most types of armour.
You are very stealthy in the water. (Stealth+)
You are amphibious.
You can wear up to eight rings at the same time.
You can use your tentacles to constrict eight enemies at once.
Your skin changes colour to match your surroundings (Stealth+).
Your rubbery body absorbs attacks. (AC +1, EV +1)


Message History

Your tentacles turn into razor-sharp scythe blades.
Your uncursed staff of wizardry melds into your body.
Your +0 buckler melds into your body.
The two-headed ogre shouts in stereo!
The centaur warrior shoots an arrow.
The arrow closely misses you.
You hear a shout!
You hear two shouts!
An ogre mage comes into view. It is wielding a +0 whip.
The centaur warrior shoots an arrow.
The arrow hits you!!
A two-headed ogre comes into view.
It is wielding a -2 giant club and a +0 giant spiked club.
The centaur warrior shoots an arrow.
The arrow hits you!!
* * * LOW HITPOINT WARNING * * *
A two-headed ogre comes into view. It is wielding two +0 giant clubs.
A shadow comes into view.
The ogre mage moves out of view.
You hear a shout! x2
You see here an arrow.
As you read the scroll labeled ZIZENIR OMEP, it crumbles to dust.
You feel aware of your surroundings.
It was a scroll of magic mapping.
The centaur warrior shoots an arrow.
The arrow hits you!!
You die...

#.....# **,**
#.....# *,* ##...##
*,* ##.## **+** #.#
**,,,** #.###
**,,,,,** #(#.##
**,,,,,,,**
#.(..####OO,,,,,,,**
#..@...cOOO,,,,,,,',
#....####OW,,,,,,,**
#.#.## **,,,,,,,**
#.### **,,,,,** #.#
**,,,** #.# **+**
#.****** *,*
*,,,,,,* *,*
******,* **,** ***


You could see a centaur warrior, 4 two-headed ogres, 2 ogres and a shadow
(wandering).

Vanquished Creatures
  Jorgrun (D:14)
  Erolcha (D:10)
  A hydra (D:13)
  10 two-headed ogres
  2 dancing weapons (D:13)
  An ogre mage (D:12)
  A tengu warrior (D:14)
  2 unseen horrors
  A wolf spider zombie (D:14)
  2 manticores
  An ugly thing (D:12)
  6 cyclopes
  Maurice (D:10)
  A gargoyle (D:14)
  Maggie (D:6)
  A centaur skeleton (D:13)
  3 kobold demonologists
  2 tengu conjurers (D:14)
  Prince Ribbit (D:6)
  4 trolls
  6 slime creatures (D:12)
  5 hippogriffs
  Sigmund (D:3)
  33 yaks
  2 wyverns
  4 wraiths
  3 hogs (D:8)
  A vampire (D:12)
  A basilisk (D:11)
  A hungry ghost (D:14)
  A golden eye (shapeshifter) (D:14)
  A human (D:8)
  A steam dragon (D:14)
  3 vampire mosquitoes (D:12)
  A soldier ant (D:9)
  A warg (D:11)
  A water moccasin (D:8)
  Edmund (D:4)
  2 acid dragons
  9 orc warriors
  6 ice beasts
  8 sky beasts
  2 necrophages
  8 ogres
  2 phantoms
  4 centaurs
  2 crocodiles
  2 big kobolds (D:14)
  14 bullfrogs
  A gnoll sergeant (D:7)
  Blork the orc (D:6)
  A wyvern skeleton (D:10)
  7 killer bees
  16 wights
  2 bullfrog zombies
  4 crimson imps
  3 centaur zombies
  3 human zombies (D:9)
  11 orc priests
  8 hounds
  4 bullfrog skeletons
  3 jellies
  16 orc wizards
  6 iguanas
  2 human skeletons (D:9)
  13 worker ants
  A hound skeleton (D:9)
  3 mummies (D:9)
  2 worker ant zombies
  Robin (D:3)
  16 adders
  8 gnolls
  6 river rats (Sewer)
  4 shadow imps
  3 oozes
  An adder skeleton (D:4)
  An adder zombie (D:8)
  4 worms
  2 dart slugs
  6 leopard geckos
  73 orcs
  7 giant cockroaches
  14 goblins
  10 hobgoblins
  11 jackals
  A quokka (D:6)
  14 ball pythons
  7 bats
  9 frilled lizards
  A giant cockroach zombie (D:6)
  16 kobolds
  A quokka skeleton (D:10)
  2 quokka zombies
  32 rats
526 creatures vanquished.

Notes
Turn   | Place    | Note
-------+----------+-------------------------------------------
     0 | D:1      | streetpizza the Octopode Transmuter began the quest for the
                  | Orb.
     0 | D:1      | Reached XP level 1. HP: 13/13 MP: 3/3
   347 | D:1      | Reached XP level 2. HP: 18/18 MP: 5/5
   892 | D:2      | Reached XP level 3. HP: 15/23 MP: 4/6
  1730 | D:2      | Reached XP level 4. HP: 19/29 MP: 7/7
  2050 | D:2      | Noticed an ogre
  2056 | D:2      | Killed an ogre
  2056 | D:2      | Reached XP level 5. HP: 35/35 MP: 6/8
  2489 | D:3      | Noticed Robin
  2500 | D:3      | Killed Robin
  3031 | D:3      | Reached XP level 6. HP: 41/41 MP: 9/9
  3036 | D:3      | Noticed Sigmund
  3300 | D:3      | Killed Sigmund
  3713 | D:4      | Reached XP level 7. HP: 29/46 MP: 10/10
  3788 | D:4      | Found a glowing drain.
  3917 | Sewer    | Entered a sewer
  4300 | Sewer    | Reached skill level 5 in Unarmed Combat
  4956 | D:4      | Reached XP level 8. HP: 54/54 MP: 9/11
  4967 | D:4      | Found a burning altar of Makhleb.
  4974 | D:4      | Noticed a green death
  4978 | D:4      | Noticed a hellwing
  4978 | D:4      | Noticed a smoke demon
  5014 | D:4      | Found Quew's Armour Shoppe.
  5076 | D:4      | Noticed Edmund
  5083 | D:4      | Killed Edmund
  5083 | D:4      | Reached skill level 5 in Dodging
  5083 | D:4      | Reached skill level 5 in Transmutations
  5615 | D:4      | Found Keulawam's Jewellery Shop.
  5734 | D:5      | Entered Level 5 of the Dungeon
  6084 | D:5      | Found an opulent altar of Gozag.
  6153 | D:5      | Found a staircase to the Ecumenical Temple.
  6162 | Temple   | Entered the Ecumenical Temple
  6310 | Temple   | Became a worshipper of Cheibriados the Contemplative
  6965 | D:6      | Noticed Maggie
  6976 | D:6      | Killed Maggie
  6976 | D:6      | Reached skill level 5 in Fighting
  7205 | D:6      | Reached XP level 9. HP: 48/61 MP: 12/12
  7242 | D:6      | Learned a level 5 spell: Blade Hands
  7424 | D:6      | Noticed Blork the orc
  7429 | D:6      | Reached * piety under Cheibriados
  7432 | D:6      | Killed Blork the orc
  7522 | D:6      | Noticed Prince Ribbit
  7534 | D:6      | Killed Prince Ribbit
  7585 | D:6      | Found a shimmering altar of Xom.
  8289 | D:7      | Reached ** piety under Cheibriados
  8947 | D:7      | Reached XP level 10. HP: 69/69 MP: 7/13
  9100 | D:8      | Reached *** piety under Cheibriados
  9806 | D:9      | Reached **** piety under Cheibriados
 10097 | D:9      | Noticed a two-headed ogre
 10103 | D:9      | Reached XP level 11. HP: 65/77 MP: 9/14
 10109 | D:9      | Killed a two-headed ogre
 10437 | D:9      | Reached ***** piety under Cheibriados
 10499 | D:9      | Learned a level 4 spell: Ice Form
 10804 | D:9      | Found an ancient bone altar of Kikubaaqudgha.
 11349 | D:10     | Entered Level 10 of the Dungeon
 11349 | D:10     | Noticed Erolcha
 11349 | D:10     | Noticed Maurice
 11523 | D:10     | Killed Maurice
 11862 | D:10     | Killed Erolcha
 12239 | D:11     | Reached skill level 1 in Shields
 12250 | D:11     | Reached XP level 12. HP: 85/85 MP: 13/18
 12307 | D:11     | Reached ****** piety under Cheibriados
 12404 | D:11     | Reached skill level 5 in Spellcasting
 12628 | D:11     | Found a staircase to the Orcish Mines.
 12684 | D:11     | Reached skill level 10 in Unarmed Combat
 12953 | D:11     | Found a staircase to the Lair.
 13479 | D:12     | Reached skill level 1 in Invocations
 13782 | D:12     | Found a sacrificial altar of Ru.
 13872 | D:12     | Reached skill level 10 in Fighting
 13873 | D:12     | Noticed a two-headed ogre
 13879 | D:12     | Killed a two-headed ogre
 13907 | D:12     | Noticed a two-headed ogre
 13908 | D:12     | Noticed an ogre mage
 13915 | D:12     | Killed a two-headed ogre
 13918 | D:12     | Noticed a two-headed ogre
 13920 | D:12     | Noticed a two-headed ogre
 13920 | D:12     | Noticed a two-headed ogre
 13922 | D:12     | Noticed a two-headed ogre
 13931 | D:12     | Killed a two-headed ogre
 13931 | D:12     | Reached skill level 5 in Invocations
 13933 | D:12     | Killed a two-headed ogre
 13933 | D:12     | Reached XP level 13. HP: 71/92 MP: 21/21
 14669 | D:13     | Found a gate to the Vaults.
 15302 | D:13     | Found a radiant altar of Vehumet.
 15704 | D:14     | Noticed Jorgrun
 15728 | D:14     | Killed Jorgrun
 15728 | D:14     | Reached skill level 10 in Dodging
 15728 | D:14     | Reached skill level 10 in Transmutations
 17016 | D:14     | Reached XP level 14. HP: 101/101 MP: 23/23
 17393 | D:15     | Entered Level 15 of the Dungeon
 17417 | D:15     | Shot with an arrow by a centaur warrior

Illustrated notes

Levels and vault maps discovered:
D:1:      dpeg_arrival_water_temple_mockup, layout_basic, chequers_jeans,
          minmay_misc_feat_more_columns
D:2:      layout_loops_cross, kennysheep_generic_room_11
D:3:      layout_loops_cross, minmay_crystal_water, uniq_sigmund, uniq_robin
D:4:      layout_cave_pods, serial_shops, nicolae_shop_waterfront,
          nicolae_shop_trees, portal_sewer_entry_e, makhleb_altar_promises_db,
          uniq_edmund
D:5:      layout_basic, overflow_temple_1_default, temple_pool_b, first_ration
D:6:      layout_cave_pods, minmay_crystal_room, xom_teletrap_fun,
          uniq_blork_the_orc, uniq_prince_ribbit1, uniq_maggie
D:7:      layout_gridville, kennysheep_generic_room_13
D:8:      layout_rooms, grunt_livestock
D:9:      layout_basic, lemuel_mausoleum_altar_kikubaaqudgha
D:10:     layout_rooms, uniq_erolcha, uniq_maurice
D:11:     layout_loops_cross, david_lair_generic, erik_orc_4
D:12:     layout_irregular_city, hangedman_ru_absence
D:13:     layout_roguey, erik_vaults_1, basic_altar
D:14:     layout_basic, kennysheep_decorative_pillar, uniq_jorgrun
D:15:     grunt_enter_depths_snipers, layout_loops_corners,
          chequers_serial_rivers_micro_e
Temple:   kilobyte_greek_temple

Skill      XL: |  1  2  3  4  5  6  7  8  9 10 11 12 13 |
---------------+----------------------------------------+-----
Fighting       | 2 3 4 5 6 8 9 10 11 | 11.4
Dodging        | 3 4 5 7 8 9 10 | 10.4
Transmutations | 3 4 5 7 8 9 10 | 10.4
Unarmed Combat | 4 5 6 7 8 9 10 11 | 11.7
Spellcasting   | 4 5 6 |  6.3
Shields        | 3 4 |  4.0
Invocations    | 5 8 |  8.0

Action                   |  1- 3 |  4- 6 |  7- 9 | 10-12 | 13-15 || total
-------------------------+-------+-------+-------+-------+-------++-------
Melee: Unarmed           |    84 |       |    91 |   349 |   112 ||   636
       Constrict         |    19 |    20 |    57 |    49 |    18 ||   163
       Tentacles         |    15 |     8 |    52 |    92 |    54 ||   221
       Kick              |     3 |     4 |    16 |    30 |     1 ||    54
       War axe           |       |    68 |   133 |       |       ||   201
       Punch             |       |     2 |     8 |    40 |    22 ||    72
       Staff             |       |       |       |     1 |    34 ||    35
Throw: Dart              |       |       |     1 |    11 |     1 ||    13
 Cast: Beastly Appendage |     5 |     5 |    12 |     6 |     1 ||    29
       Blade Hands       |       |       |    11 |    38 |    12 ||    61
       Ice Form          |       |       |       |     1 |       ||     1
Invok: Slouch            |       |       |       |       |     2 ||     2
       Temporal Distorti |       |       |       |       |     1 ||     1
Evoke: Wand              |       |       |       |     2 |       ||     2
  Use: Scroll            |       |       |     4 |       |    11 ||    15
       Potion            |       |       |     1 |     1 |     2 ||     4
 Stab: Sleeping          |     5 |     4 |    11 |    17 |     6 ||    43
       Distracted        |       |       |     1 |     2 |     1 ||     4
  Eat: Chunk             |     3 |     5 |    16 |    19 |     8 ||    51
       Ration            |       |       |     1 |       |       ||     1
Armor: Skin              |     4 |     4 |     1 |     5 |     4 ||    18
Dodge: Dodged            |    46 |    56 |   164 |   247 |   166 ||   679
Block: Buckler           |       |       |       |    76 |    71 ||   147
       Reflection        |       |       |       |    16 |    11 ||    27
       Other             |       |       |       |     9 |    14 ||    23
